 Dungeon Crawl Stone Soup version 0.32-a0-953-g508020473e (webtiles) character file.

Game seed: 14802157821872212783

30 wildpjah the Ruffian (level 3, -2/28 HPs)
             Began as a Gnoll Shapeshifter on Apr 16, 2024.
             Slain by a hobgoblin (4 damage)
             ... on level 2 of the Dungeon.
             The game lasted 00:01:07 (846 turns).

wildpjah the Ruffian (Gnoll Shapeshifter)            Turns: 846, Time: 00:01:08

Health: -2/28      AC:  8    Str: 13    XL:     3   Next: 20%
Magic:  4/4        EV:  6    Int: 11    God:
Gold:   30         SH:  0    Dex: 11    Spells: 3/3 levels left

rFire   + . .        m - staff of fire
rCold   . . .        (no shield)
rNeg    . . .        k - +0 chain mail
rPois   .            (helmet currently unavailable)
rElec   .            (cloak currently unavailable)
rCorr   .            (gloves currently unavailable)
SInv    .            (boots currently unavailable)
Will    .....        (no amulet) Stlth
                     (no ring)
HPRegen 0.24/turn    (no ring)
MPRegen 0.09/turn

%: no passive effects
@: beast-form
A: beast (slay +3), fangs 1, strong nose, distributed training
a: Begin Untransformation


You were on level 2 of the Dungeon.
You were a hulking beast.
You visited 1 branch of the dungeon, and saw 2 of its levels.

You collected 30 gold pieces.

Inventory:

Armour
 a - a +0 animal skin
 k - a +0 chain mail (worn)
Magical Staves
 m - a staff of fire (weapon)
Talismans
 c - a beast talisman (active)
 d - a flux talisman
Scrolls
 e - a scroll of enchant armour {unknown}
 f - a scroll of revelation {unknown}
 i - a scroll of blinking {unknown}
 l - 2 scrolls of identify {unknown}
 n - a scroll of torment {unknown}
Potions
 b - a potion of lignification
 g - a potion of magic {unknown}
 h - 2 potions of attraction {unknown}
 j - a potion of invisibility {unknown}


   Skills:
 + Level 2.6 Fighting
 + Level 0.7 Short Blades
 + Level 0.7 Long Blades
 + Level 0.7 Axes
 + Level 0.7 Maces & Flails
 + Level 0.7 Polearms
 + Level 0.7 Staves
 + Level 0.7 Ranged Weapons
 + Level 0.7 Throwing
 + Level 0.7 Armour
 + Level 4.5 Dodging
 + Level 0.7 Stealth
 + Level 0.7 Shields
 + Level 6.5 Unarmed Combat
 + Level 0.7 Spellcasting
 + Level 0.5 Conjurations
 + Level 0.5 Hexes
 + Level 0.5 Summonings
 + Level 0.5 Necromancy
 + Level 0.5 Translocations
 + Level 0.5 Fire Magic
 + Level 0.5 Ice Magic
 + Level 0.5 Air Magic
 + Level 0.5 Earth Magic
 + Level 0.5 Alchemy
 + Level 0.9 Invocations
 + Level 0.7 Evocations
 + Level 6.5 Shapeshifting


You had 3 spell levels left.
You didn't know any spells.
Your spell library was empty.

Dungeon Overview and Level Annotations

Branches:
Dungeon (2/15)

Altars:

Shops:
D:1 :

Annotations:
D:2 Sigmund


Innate Abilities, Weirdness & Mutations

You are a hulking beast.
Your limbs bulge with bestial killing power. (Slay +3)
You have very sharp teeth.
Your uncanny sense of smell can sniff out nearby items.
Your experience applies equally to all skills.


Message History

You are too injured to fight recklessly!
You are too injured to fight recklessly!
You hit the rat.
You kill the rat!
The hobgoblin barely misses you. The frilled lizard barely misses you.
The goblin hits you with a +0 dagger.
Found 11 gold pieces.
Sigmund hits you with a +0 scythe.
* * * LOW HITPOINT WARNING * * *
The hobgoblin hits you.
* * * LOW HITPOINT WARNING * * *
The frilled lizard bites you but does no damage.
You barely miss Sigmund.
The jackal bites you but does no damage.
Sigmund hits you but does no damage. The goblin completely misses you.
The frilled lizard bites you but does no damage.
The hobgoblin hits you.
* * * LOW HITPOINT WARNING * * *
You closely miss Sigmund. You bite Sigmund, but do no damage.
The jackal bites you but does no damage. x2
The frilled lizard bites you but does no damage.
The goblin hits you but does no damage.
The hobgoblin hits you but does no damage.
Sigmund hits you with a +0 scythe.
* * * LOW HITPOINT WARNING * * *
Unknown command.
You hit Sigmund.
Sigmund is lightly wounded.
The jackal bites you but does no damage.
The hobgoblin closely misses you.
The frilled lizard bites you but does no damage.
The goblin hits you but does no damage. The jackal bites you.
* * * LOW HITPOINT WARNING * * *
Unknown command.
You barely miss Sigmund. You bite Sigmund.
Sigmund is moderately wounded.
The frilled lizard barely misses you. Sigmund gestures at you while chanting.
You resist with significant effort. The goblin hits you but does no damage.
The hobgoblin hits you.
You die...

∆ ∆ # #.
#.####
#....####
#.)gh@..#
#....glh....#
###..........#
#.###.####).
#. .. . #. ...
# .... $....


You could see Sigmund, a jackal, a hobgoblin, a goblin and a frilled lizard.

Vanquished Creatures
  An endoplasm (D:1)
  5 goblins
  6 hobgoblins
  3 jackals (D:1)
  A quokka (D:1)
  A ball python (D:1)
  2 bats (D:1)
  6 frilled lizards (D:1)
  3 rats
28 creatures vanquished.

Notes
Turn   | Place    | Note
-------+----------+-------------------------------------------
     0 | D:1      | wildpjah the Gnoll Shapeshifter began the quest for the
                  | Orb.
     0 | D:1      | Reached XP level 1. HP: 17/17 MP: 1/1
   207 | D:1      | Reached XP level 2. HP: 23/23 MP: 2/2
   288 | D:1      | Found Qaedaloor's Book Shop.
   391 | D:1      | Found a faded altar of an unknown god.
   707 | D:1      | Reached XP level 3. HP: 28/28 MP: 3/3
   833 | D:2      | Noticed Sigmund
   846 | D:2      | Slain by a hobgoblin

Illustrated notes

Levels and vault maps discovered:
D:1:      amcnicky_arrival_feature_with_door, layout_basic, serial_shops,
          nicolae_shop_hallway_stairs, shapermc_ecumenical_altar_venn,
          minmay_lizard_pond
D:2:      minmay_recursive_quarters, layout_rooms, basic_altar, uniq_sigmund

Action                     || total
---------------------------++-------
  Melee: Unarmed           ||    38
         Bite              ||     7
         Punch             ||     1
         Staff             ||    22
 Armour: Chain mail        ||    68
         Animal skin       ||     1
  Dodge: Dodged            ||    29

Table legend: (Time is in decaauts)
 A = Elapsed time spent in this place.
 B = Non-inter-level travel time spent in this place.
 C = Inter-level travel time spent in this place.
 D = Time resting spent in this place.
 E = Time spent auto-exploring this place.
 F = Levels seen in this place.
 G = Mean time per level.
                   A        B        C        D        E       F      G
               +--------+--------+--------+--------+--------+-----+--------+
         Total |    844 |    784 |     60 |      0 |    638 |   2 |  422.0 |
       Dungeon |    844 |    784 |     60 |      0 |    638 |   2 |  422.0 |
               +--------+--------+--------+--------+--------+-----+--------+

Top non-repeatable levels by time:
     D:1: 829 daAuts
     D:2: 14 daAuts
